AoeStats
← HankScorpio006

MegaRandom

505704912Analyzed
4v4 RM · 20d ago on Sep 10, 2026· 47m 33s· 8 players
Game mode
Random Map
Map size
Large (8 player)
Population
200
Speed
Normal
Resources
Standard
Victory
Conquest
Starting age
Dark Age
Ending age
Imperial Age
RankedLock teamsTeams togetherTeam positionsShared explorationLock speedFull tech treeHidden civsTurbo modeCheats
Victory
Defeat
🇵🇱 Persians · Poland
1144
+14
🇮🇪 Slavs · Ireland
1052
+17
🇵🇪 Celts · Peru
1039
+18
🇵🇱 Vikings · Poland
978
+20
🇷🇺 Inca · Russia
1107
-18
🇷🇺 Lithuanians · Russia
1099
-18
🇷🇺 Poles · Russia
1084
-17
🇷🇺 Cumans · Russia
1040
-16
HankScorpio006
8:08 Loom
10:01 Feudal Age
11:33 Horse Collar
11:44 Double-Bit Axe
13:42 Forging
19:41 Castle Age
19:48 Scale Barding Armor
24:58 Pikeman
26:31 Bloodlines
26:41 Town Watch
28:46 Squires
30:57 Heavy Plow
31:09 Bow Saw
31:22 Chain Barding Armor
31:37 Husbandry
33:15 Iron Casting
33:44 Scale Mail Armor
36:20 Imperial Age
35:55 Wheelbarrow
36:42 Cavalier
40:12 Fletching
40:46 Murder Holes
41:30 Conscription
44:57 Druzhina
44:29 Man-at-Arms
45:06 Long Swordsman
46:06 Two-Handed Swordsman
47:23 Champion
Jc
8:19 Loom
10:23 Feudal Age
11:00 Double-Bit Axe
19:11 Castle Age
17:29 Horse Collar
17:46 Stone Mining
19:53 Wheelbarrow
21:03 Bow Saw
21:59 Hand Cart
21:29 Town Watch
21:55 Fletching
26:49 Pikeman
27:14 Gambesons
27:15 Arson
28:12 Scale Mail Armor
28:23 Forging
30:50 Chain Mail Armor
30:46 Forging
30:29 Gold Mining
34:33 Heavy Plow
37:49 Imperial Age
38:06 Gold Shaft Mining
38:21 Fortified Wall
38:07 Man-at-Arms
38:08 Halberdier
39:41 Plate Mail Armor
39:47 Iron Casting
38:57 Capped Ram
39:34 Long Swordsman
40:37 Two-Handed Swordsman
41:26 Siege Ram
41:54 Champion
44:51 Blast Furnace
45:57 Furor Celtica
46:23 Hoardings
46:15 Conscription
kubeszek
9:57 Feudal Age
10:50 Loom
10:52 Man-at-Arms
12:43 Double-Bit Axe
13:24 Arson
14:45 Fletching
16:20 Scale Mail Armor
19:36 Wheelbarrow
23:29 Castle Age
22:02 Forging
22:49 Scale Barding Armor
22:59 Bloodlines
23:25 Stone Mining
23:25 Gold Mining
23:20 Crossbowman
24:29 Horse Collar
27:54 Heavy Plow
29:50 Iron Casting
30:53 Husbandry
39:19 Imperial Age
37:33 Hand Cart
38:00 Chain Barding Armor
38:19 Bodkin Arrow
39:49 Gold Shaft Mining
41:25 Conscription
41:44 Plate Barding Armor
43:10 Blast Furnace
41:54 Cavalier
44:50 Thumb Ring
44:49 Kamandaran
44:52 Padded Archer Armor
46:34 Parthian Tactics
47:27 Chemistry
47:14 Heavy Cavalry Archer
Xemcio
3:55 Loom
12:39 Feudal Age
16:01 Man-at-Arms
18:02 Arson
29:36 Castle Age
29:40 Forging
30:06 Long Swordsman
31:23 Stone Mining
32:12 Iron Casting
32:01 Scale Mail Armor
32:22 Crossbowman
37:22 Horse Collar
37:31 Double-Bit Axe
38:30 Heavy Plow
47:03 Imperial Age
45:39 Pikeman
dagger.daggerov
4:54 Loom
12:55 Feudal Age
14:02 Man-at-Arms
17:17 Double-Bit Axe
17:15 Horse Collar
23:24 Gold Mining
26:56 Wheelbarrow
31:41 Castle Age
31:52 Pikeman
33:25 Forging
33:06 Fletching
33:17 Padded Archer Armor
33:24 Heavy Plow
33:37 Bow Saw
33:52 Stone Mining
34:38 Gold Shaft Mining
37:17 Hand Cart
39:16 Squires
40:06 Steppe Husbandry
41:23 Bodkin Arrow
42:09 Iron Casting
46:26 Leather Archer Armor
azal873
8:15 Loom
12:21 Feudal Age
19:20 Castle Age
19:14 Scale Barding Armor
20:03 Bloodlines
22:01 Forging
23:03 Husbandry
24:17 Wheelbarrow
26:55 Iron Casting
26:41 Double-Bit Axe
28:31 Chain Barding Armor
29:36 Gold Mining
33:40 Crossbowman
34:26 Thumb Ring
34:33 Horse Collar
36:00 Fletching
41:53 Ballistics
41:30 Murder Holes
41:16 Treadmill Crane
shamil.malikov97
7:40 Loom
11:19 Feudal Age
13:34 Forging
24:55 Castle Age
23:43 Double-Bit Axe
24:09 Champi Runner
25:55 Fletching
30:24 Champi Warrior
34:33 Pikeman
40:56 Scale Mail Armor
hadji_andiyskiy
8:29 Loom
10:59 Feudal Age
11:31 Double-Bit Axe
13:29 Bloodlines
13:54 Forging
21:05 Horse Collar
25:04 Castle Age
23:44 Scale Barding Armor
26:27 Husbandry
26:28 Stone Mining
27:15 Heavy Plow
30:18 Iron Casting
30:03 Chain Barding Armor
33:30 Scale Mail Armor
34:47 Chain Mail Armor
35:39 Wheelbarrow
40:31 Squires
40:17 Arson
Connection lost

Rejoining the realm…

Still unreachable

The connection could not be restored.

Session expired

The server has moved on; the page needs a fresh start.